[Event "Titled Tuesday Blitz June 20 Early 2023"]
[White "Bazilius, Augustinas"]
[Black "Ajay Karthikeyan"]
[WhiteFideId "12832251"]
[BlackFideId "35011685"]
[WhiteElo "1980"]
[BlackElo "2321"]
[Result "0-1"]
[Round "8"]
[TimeControl "180+2"]
[Date "2023.06.20"]
[WhiteClock "0:00:01"]
[BlackClock "0:01:23"]
[Board "56"]

1. d4 Nf6 2. Bg5 Ne4 3. Bf4 g6 4. f3 Nf6 5. e4 Bg7 6. Bd3 c5 7. c3 cxd4 8. cxd4 O-O 9. h4 Nh5 10. Be3 Nc6 11. Ne2 Qb6 12. Nbc3 e6 13. g4 Nf6 14. h5 e5 15. Bc2 exd4 16. Nxd4 Nxg4 17. Nd5 Nxe3 18. Nxb6 Nxd4 19. Qd2 Nexc2+ 20. Kf1 axb6 21. Rc1 Rxa2 22. Qc3 d5 23. Rxc2 Nxc2 24. Qxc2 Rxb2 25. Qd3 dxe4 26. fxe4 Be6 27. hxg6 fxg6+ 28. Ke1 Ra8 29. Qd1 Rg2 30. Kf1 Rga2 0-1


[Site "https://www.chess.com"]

[Event "Titled Tuesday Blitz June 20 Early 2023"]
[White "Postny, Evgeny"]
[Black "Kovacsy, Barnabas"]
[WhiteFideId "2804344"]
[BlackFideId "769290"]
[WhiteElo "2504"]
[BlackElo "2130"]
[Result "1-0"]
[Round "8"]
[TimeControl "180+2"]
[Date "2023.06.20"]
[WhiteClock "0:02:01"]
[BlackClock "0:00:49"]
[Board "57"]

1. e4 c5 2. Nf3 e6 3. d4 cxd4 4. Nxd4 Nc6 5. Nc3 Qc7 6. Be2 a6 7. O-O Nf6 8. a3 b5 9. Kh1 Bb7 10. f4 d6 11. Be3 Be7 12. Bd3 h5 13. Qf3 Rd8 14. Rae1 d5 15. e5 Ng4 16. Bg1 Nxd4 17. Bxd4 Bc5 18. Ne2 Ke7 19. h3 g6 20. Qg3 Nh6 21. Qf2 Nf5 22. Bxc5+ 1-0


[Site "https://www.chess.com"]

[Event "Titled Tuesday Blitz June 20 Early 2023"]
[White "Howell, David W L"]
[Black "Nithyalakshmi, Sivanesan"]
[WhiteFideId "410608"]
[BlackFideId "5706955"]
[WhiteElo "2567"]
[BlackElo "1815"]
[Result "1-0"]
[Round "8"]
[TimeControl "180+2"]
[Date "2023.06.20"]
[WhiteClock "0:00:55"]
[BlackClock "0:00:00"]
[Board "58"]

1. b3 Nf6 2. Bb2 d5 3. e3 e6 4. d3 c5 5. Nd2 Nc6 6. g4 Bd6 7. g5 Nd7 8. Bxg7 Rg8 9. Bh6 Be5 10. Rb1 b5 11. h4 Bb7 12. a3 Ne7 13. Bh3 Qc7 14. Ne2 O-O-O 15. f4 Bd6 16. Rf1 Ng6 17. h5 Ne7 18. c4 dxc4 19. bxc4 b4 20. axb4 cxb4 21. d4 Nc6 22. Qc2 Kb8 23. c5 Be7 24. Qxh7 b3 25. Qxf7 Qa5 26. Rd1 Nb4 27. Kf2 Nd3+ 28. Kg3 Rde8 29. Nxb3 Qa6 30. Bg4 Qc6 31. Rg1 Qe4 32. Rxd3 Qxd3 33. Kf2 Qxb3 34. Bxe6 Qc2 35. Bxd7 Ba6 36. Re1 Rd8 37. Qxe7 1-0


[Site "https://www.chess.com"]

[Event "Titled Tuesday Blitz June 20 Early 2023"]
[White "Xu, Yi"]
[Black "Garcia Blanco, Omar"]
[WhiteFideId "8605564"]
[BlackFideId "2287153"]
[WhiteElo "2460"]
[BlackElo "2356"]
[Result "1-0"]
[Round "8"]
[TimeControl "180+2"]
[Date "2023.06.20"]
[WhiteClock "0:00:36"]
[BlackClock "0:00:41"]
[Board "59"]

1. d4 Nf6 2. c4 e6 3. Nf3 d5 4. g3 Be7 5. Bg2 O-O 6. O-O c6 7. Nbd2 b6 8. Qc2 Bb7 9. e4 Na6 10. h4 h6 11. Rd1 Rc8 12. a3 dxc4 13. Nxc4 c5 14. d5 exd5 15. exd5 b5 16. Ne3 c4 17. d6 Bxd6 18. Nf5 Ne8 19. Bf4 Rc6 20. Qc3 Qd7 21. Bxd6 Qxf5 22. Bxf8 Kxf8 23. Nd4 1-0


[Site "https://www.chess.com"]

[Event "Titled Tuesday Blitz June 20 Early 2023"]
[White "Simonian, Hrair"]
[Black "Zavgorodniy, Sergiy"]
[WhiteFideId "13302337"]
[BlackFideId "14110148"]
[WhiteElo "2447"]
[BlackElo "2402"]
[Result "1-0"]
[Round "8"]
[TimeControl "180+2"]
[Date "2023.06.20"]
[WhiteClock "0:01:29"]
[BlackClock "0:00:43"]
[Board "60"]

1. e4 c6 2. d4 d5 3. Nc3 dxe4 4. Nxe4 Bf5 5. Ng3 Bg6 6. h4 h6 7. Nh3 Nf6 8. Nf4 Bh7 9. c3 e6 10. Bc4 Nd5 11. Bxd5 cxd5 12. O-O Qxh4 13. Qb3 Qe7 14. Re1 Nc6 15. Nxd5 Qd7 16. Bf4 Rc8 17. Nh5 Be7 18. Nxg7+ Kf8 19. Nxe7 Nxe7 20. Bxh6 Bg6 21. Nxe6+ Kg8 22. Bg5 fxe6 23. Rxe6 Bf7 24. Rxe7 Qxe7 25. Bxe7 Bxb3 26. axb3 a6 27. Bf6 Rh6 28. Be5 Kf7 29. f3 Rg8 30. Kf2 Ke6 31. g4 Rh3 32. Kg2 Rh7 33. Kg3 Rgg7 34. Bxg7 1-0


[Site "https://www.chess.com"]

[Event "Titled Tuesday Blitz June 20 Early 2023"]
[White "Pinheiro, Iung Alicio de O."]
[Black "Goltsev, Dmitry"]
[WhiteFideId "2104350"]
[BlackFideId "24176710"]
[WhiteElo "2283"]
[BlackElo "2356"]
[Result "1-0"]
[Round "8"]
[TimeControl "180+2"]
[Date "2023.06.20"]
[WhiteClock "0:00:10"]
[BlackClock "0:00:02"]
[Board "61"]

1. e4 e6 2. d4 d5 3. e5 c5 4. c3 Nc6 5. Nf3 cxd4 6. Bd3 Nge7 7. O-O Nf5 8. Re1 dxc3 9. Nxc3 Nh4 10. Ng5 h6 11. Qh5 g6 12. Qxh4 Be7 13. Nxf7 Bxh4 14. Nxd8 Bxd8 15. Bxg6+ Ke7 16. b3 Ba5 17. Ba3+ Kd8 18. Rac1 d4 19. Red1 Rg8 20. Be4 Nxe5 21. Rxd4+ Ke8 22. Nb5 Nf7 23. Nc7+ Bxc7 24. Rxc7 Rg5 25. h4 Re5 26. Re7+ Kf8 27. Rxe6+ Kg7 28. Rxe5 Nxe5 29. Bb2 Nc6 30. Rd8+ Kf7 31. Rh8 Ne7 32. Rh7+ Ke6 33. g4 Kd7 34. Bf6 Ke6 35. Bxe7 Bd7 36. Bf5+ Ke5 37. Bxd7 Kf4 38. Kg2 a5 39. Bd6+ Ke4 40. Re7+ Kd5 41. Bg3 a4 42. Bf5 axb3 43. axb3 Ra3 44. Rxb7 h5 45. gxh5 Kc6 46. Rc7+ Kb6 47. h6 Ra8 48. h7 Kb5 49. Rg7 Kb4 50. Rg8 Ra2 51. h8=Q Ka3 52. Bd6+ Kxb3 53. Be6+ Ka4 54. Ra8+ Kb5 55. Qe8+ Kb6 56. Rb8+ Ka5 57. Qb5# 1-0


[Site "https://www.chess.com"]

[Event "Titled Tuesday Blitz June 20 Early 2023"]
[White "Ovchinnikov, Vsevolod"]
[Black "Oro, Faustino"]
[WhiteFideId "24176842"]
[BlackFideId "20000197"]
[WhiteElo "2376"]
[BlackElo "1984"]
[Result "1-0"]
[Round "8"]
[TimeControl "180+2"]
[Date "2023.06.20"]
[WhiteClock "0:00:06"]
[BlackClock "0:00:00"]
[Board "62"]

1. d4 Nf6 2. c4 e6 3. g3 d5 4. Bg2 Be7 5. Nf3 O-O 6. Nc3 dxc4 7. Ne5 Nc6 8. Bxc6 bxc6 9. Nxc6 Qe8 10. Nxe7+ Qxe7 11. Qa4 c5 12. dxc5 Qxc5 13. Be3 Qe7 14. O-O Bb7 15. Rad1 Rfc8 16. f3 Nd5 17. Bd4 e5 18. Nxd5 Bxd5 19. Bc3 Bc6 20. Qa5 e4 21. Qe5 Qf8 22. Rd4 f6 23. Qe6+ Kh8 24. fxe4 Qc5 25. Qxc4 Qb6 26. Qb4 Bb5 27. Rf2 Re8 28. Rd6 Qc7 29. e5 fxe5 30. Rd5 Bc6 31. Qd6 Qb7 32. Rxe5 Red8 33. Ref5 Qc8 34. Qc5 Qd7 35. Rf1 Be4 36. Rf7 Qd5 37. Qxd5 Bxd5 38. Rxg7 Rac8 39. Rc7+ Kg8 40. Rxc8 Rxc8 41. a3 Re8 42. Kf2 Bc4 43. Re1 Rf8+ 44. Kg1 Re8 45. e4 Kf7 46. e5 Ke6 47. Kf2 Rf8+ 48. Ke3 Bd5 49. Re2 Rf3+ 50. Kd4 Rf1 51. Kc5 a6 52. Kb6 Rd1 53. Rf2 Bc4 54. Rf6+ Ke7 55. Rh6 Bd3 56. a4 Bg6 57. a5 Bd3 58. Rd6 Kf7 59. Ka7 Ke7 60. g4 1-0


[Site "https://www.chess.com"]

[Event "Titled Tuesday Blitz June 20 Early 2023"]
[White "Subelj, Jan"]
[Black "Cherniaiev, Tykhon"]
[WhiteFideId "14618583"]
[BlackFideId "14182360"]
[WhiteElo "2499"]
[BlackElo "2450"]
[Result "1-0"]
[Round "8"]
[TimeControl "180+2"]
[Date "2023.06.20"]
[WhiteClock "0:00:06"]
[BlackClock "0:00:05"]
[Board "63"]

1. e4 e5 2. Nf3 Nc6 3. Bb5 Nge7 4. Nc3 a6 5. Bc4 Ng6 6. h4 d6 7. Ng5 Be6 8. Nxe6 fxe6 9. h5 Nge7 10. Bxe6 Nd4 11. Bh3 g6 12. d3 Bg7 13. Bg5 h6 14. Bxe7 Qxe7 15. Nd5 Qd8 16. c3 Nc6 17. Qg4 O-O 18. Qxg6 Kh8 19. Bf5 Rxf5 20. exf5 Ne7 21. Nxe7 Qxe7 22. Rh3 Rf8 23. Rg3 Rf6 24. Qg4 Qf7 25. O-O-O Rxf5 26. f3 Rg5 27. Qc8+ Kh7 28. Rxg5 hxg5 29. Qxb7 Qxa2 30. Qe4+ Kh8 31. Kc2 d5 32. Qg6 Qa4+ 33. Kd2 Qh4 34. Kc1 Qf4+ 35. Kb1 Qh4 36. g3 Qh2 37. Qxg5 Qe2 38. Rd2 Qxf3 39. h6 Bf6 40. Qg6 Qh1+ 41. Kc2 Qf3 42. h7 Bg7 43. Rh2 Qf8 44. Qe6 e4 45. Qg8+ Qxg8 46. hxg8=Q+ Kxg8 47. dxe4 dxe4 48. Re2 Kf7 49. Rxe4 Bf6 50. Ra4 Be5 51. Rxa6 Bxg3 52. Rc6 Ke7 53. Kd3 Kd7 54. Rg6 Bd6 55. Kc4 Bf4 56. b4 Bd2 57. Rg3 Be1 58. Rd3+ Kc6 59. Re3 Bf2 60. Re6+ Kd7 61. Rg6 Be1 62. b5 Bd2 63. Kd4 Be1 64. c4 Bf2+ 65. Kd5 Kc8 66. c5 Kb7 67. Rg7 Be3 68. b6 Bf4 69. Rf7 Bh2 70. Kc4 Kc6 71. Rf6+ Kb7 72. Kb5 Bg3 73. c6+ Kc8 74. Rf8# 1-0


[Site "https://www.chess.com"]

[Event "Titled Tuesday Blitz June 20 Early 2023"]
[White "Hajiyev, Kanan"]
[Black "Yuan, Qingyu"]
[WhiteFideId "13404148"]
[BlackFideId "8609772"]
[WhiteElo "2115"]
[BlackElo "2359"]
[Result "0-1"]
[Round "8"]
[TimeControl "180+2"]
[Date "2023.06.20"]
[WhiteClock "0:00:00"]
[BlackClock "0:00:13"]
[Board "64"]

1. d4 Nf6 2. Nf3 d5 3. c4 e6 4. cxd5 exd5 5. Qc2 c6 6. Nc3 g6 7. Bg5 Be7 8. e3 Bf5 9. Bd3 Bxd3 10. Qxd3 Nbd7 11. O-O O-O 12. Rab1 a5 13. Qc2 Re8 14. h3 Ne4 15. Bf4 Bd6 16. Nxe4 Bxf4 17. Nc5 Nxc5 18. Qxc5 Bd6 19. Qc2 Qe7 20. Rfe1 Kg7 21. Re2 Qf6 22. a3 h5 23. h4 Re4 24. b4 axb4 25. axb4 Rg4 26. Kf1 Qe6 27. b5 Rxg2 28. Kxg2 Qg4+ 29. Kf1 Qxf3 30. Rd2 cxb5 31. Qd1 Qh3+ 32. Ke2 Qg4+ 33. Kf1 Qh3+ 34. Ke2 b4 35. Qh1 Qf5 36. Qf3 Qxb1 37. Qxd5 Ra6 38. Qxb7 Qa1 39. Qd5 Qa5 40. Qe4 Qb5+ 41. Kf3 b3 42. d5 Ra4 43. Qb1 Rxh4 44. Qb2+ f6 45. e4 Qc4 46. Rd4 Qc3+ 47. Qxc3 Rh3+ 48. Ke2 Rxc3 49. Rd2 h4 0-1


[Site "https://www.chess.com"]

[Event "Titled Tuesday Blitz June 20 Early 2023"]
[White "Danielyan, Vahe"]
[Black "Moksh Amit Doshi"]
[WhiteFideId "13304828"]
[BlackFideId "25064967"]
[WhiteElo "2423"]
[BlackElo "2297"]
[Result "1-0"]
[Round "8"]
[TimeControl "180+2"]
[Date "2023.06.20"]
[WhiteClock "0:01:26"]
[BlackClock "0:01:22"]
[Board "65"]

1. e4 e5 2. Nf3 Nc6 3. d4 exd4 4. Nxd4 Nf6 5. Nxc6 bxc6 6. e5 Qe7 7. Qe2 Nd5 8. b3 g6 9. c4 Ba6 10. Ba3 Nb4 11. Bb2 Bg7 12. a3 Nd5 13. Nd2 O-O 14. g3 Rfe8 15. O-O-O d6 16. Bg2 dxe5 17. Rhe1 e4 18. Nxe4 Nc3 19. Nxc3 1-0


[Site "https://www.chess.com"]

[Event "Titled Tuesday Blitz June 20 Early 2023"]
[White "Sebag, Marie"]
[Black "Atakhan, Abtin"]
[WhiteFideId "617822"]
[BlackFideId "22502203"]
[WhiteElo "2431"]
[BlackElo "2008"]
[Result "0-1"]
[Round "8"]
[TimeControl "180+2"]
[Date "2023.06.20"]
[WhiteClock "0:00:00"]
[BlackClock "0:00:04"]
[Board "66"]

1. e4 c5 2. Nc3 Nc6 3. Bb5 Nd4 4. Bc4 e6 5. Nge2 a6 6. d3 b5 7. Bb3 Ne7 8. O-O Nec6 9. f4 Be7 10. Be3 Bb7 11. Bf2 O-O 12. Nxd4 Nxd4 13. Ne2 Nxb3 14. axb3 f5 15. e5 Kh8 16. Be3 Qc7 17. Qe1 Rg8 18. Qg3 g6 19. Kh1 Rg7 20. Ng1 Rag8 21. Nf3 Qc6 22. Qh3 Rc8 23. Bf2 h6 24. Bh4 Bxh4 25. Qxh4 Kh7 26. Rf2 c4 27. bxc4 bxc4 28. d4 Rgg8 29. c3 Rcf8 30. Qe7+ Kh8 31. h3 Qc8 32. Nd2 Rg7 33. Qh4 Rh7 34. Nf3 g5 35. fxg5 hxg5 36. Qxg5 Rg8 37. Qf6+ Rgg7 38. Ng5 Rh5 39. Nf7+ Kg8 40. Nd6 Qc6 41. Nxb7 Rxh3+ 42. Kg1 Qxb7 43. Qxg7+ Kxg7 44. gxh3 Qe4 45. Kh2 Kf7 46. Rg1 Ke7 47. Rfg2 Qf4+ 48. Kh1 Kd8 49. Rg8+ Kc7 50. R8g2 Qf3 51. Kh2 Qf4+ 52. Rg3 Kc6 53. Rg2 Kb5 54. Kg1 Ka4 55. Rg7 d6 56. exd6 Qxd6 57. Rb7 a5 58. Kh1 Qf4 59. Rb6 Qf1+ 60. Kh2 Qf4+ 61. Kg1 Qe3+ 62. Kh2 e5 63. Rg1 Qf2+ 64. Kh1 Qf3+ 65. Kh2 Qf2+ 66. Rg2 Qf4+ 67. Kh1 exd4 68. cxd4 Qxd4 69. Rb8 Qd1+ 70. Rg1 Qf3+ 71. Kh2 Qf4+ 0-1


[Site "https://www.chess.com"]

[Event "Titled Tuesday Blitz June 20 Early 2023"]
[White "Amilal Munkhdalai"]
[Black "Girya, Olga"]
[WhiteFideId "4903250"]
[BlackFideId "4195752"]
[WhiteElo "2293"]
[BlackElo "2263"]
[Result "1-0"]
[Round "8"]
[TimeControl "180+2"]
[Date "2023.06.20"]
[WhiteClock "0:01:21"]
[BlackClock "0:00:04"]
[Board "67"]

1. e4 e5 2. Nf3 Nc6 3. Bb5 a6 4. Ba4 Nf6 5. d3 Bc5 6. c3 d6 7. O-O O-O 8. Re1 Ba7 9. h3 h6 10. d4 exd4 11. cxd4 d5 12. e5 Ne4 13. Nc3 Bf5 14. Bc2 Nxc3 15. bxc3 Bxc2 16. Qxc2 Ne7 17. e6 Qd6 18. exf7+ Rxf7 19. Ne5 Rf6 20. a4 c5 21. Ba3 Nc6 22. Nd3 b6 23. Re2 Na5 24. Rae1 Raf8 25. Ne5 h5 26. h4 Bb8 27. g3 Nc4 28. Bc1 Rf5 29. Nxc4 dxc4 30. Re8 cxd4 31. Qxf5 1-0


[Site "https://www.chess.com"]

[Event "Titled Tuesday Blitz June 20 Early 2023"]
[White "Martinez Ramirez, Lennis"]
[Black "Mekhane, Adam"]
[WhiteFideId "3509079"]
[BlackFideId "36050601"]
[WhiteElo "2410"]
[BlackElo "2177"]
[Result "0-1"]
[Round "8"]
[TimeControl "180+2"]
[Date "2023.06.20"]
[WhiteClock "0:00:03"]
[BlackClock "0:00:39"]
[Board "68"]

1. c4 e5 2. g3 Nf6 3. Bg2 d5 4. cxd5 Nxd5 5. Nc3 Nb6 6. Nf3 Nc6 7. Rb1 a5 8. a3 Be7 9. b4 axb4 10. axb4 f6 11. b5 Nd4 12. Nxd4 exd4 13. Ne4 Be6 14. d3 O-O 15. O-O Na4 16. g4 Bxg4 17. Ra1 Nb6 18. Rxa8 Qxa8 19. Qb3+ Kh8 20. Ng3 Bd6 21. Bb2 Rd8 22. Re1 Qc8 23. Bxd4 Bxg3 24. Bxb6 Bxh2+ 25. Kxh2 cxb6 26. Qc4 Qxc4 27. dxc4 Be6 28. Rc1 Rc8 29. Bxb7 Rxc4 30. Rd1 Rc5 31. Rd6 Bc4 32. Ba6 h5 33. Rxb6 Bxe2 34. Rb8+ Kh7 35. Kg2 h4 36. f3 g5 37. Kf2 Bc4 38. Rb7+ Kg6 39. Ke3 h3 40. Rb8 h2 41. Rh8 Bxb5 42. Bxb5 Rxb5 43. Rxh2 Rb3+ 44. Ke4 f5+ 45. Ke5 Rxf3 46. Ra2 g4 47. Ra6+ Kg5 48. Ra8 Re3+ 49. Kd4 Re4+ 50. Kd3 Kf4 51. Rf8 g3 52. Rg8 Kf3 53. Rg5 f4 54. Rxg3+ fxg3 0-1


[Site "https://www.chess.com"]

[Event "Titled Tuesday Blitz June 20 Early 2023"]
[White "Itgelt, Khuyagtsogt"]
[Black "Krutko, Anatoly"]
[WhiteFideId "4902912"]
[BlackFideId "4185862"]
[WhiteElo "2227"]
[BlackElo "2378"]
[Result "0-1"]
[Round "8"]
[TimeControl "180+2"]
[Date "2023.06.20"]
[WhiteClock "0:00:03"]
[BlackClock "0:00:16"]
[Board "69"]

1. d4 Nf6 2. Nf3 g6 3. c4 Bg7 4. g3 O-O 5. Bg2 d6 6. O-O Nbd7 7. Qc2 e5 8. Rd1 Qe7 9. Nc3 c6 10. e4 exd4 11. Nxd4 a5 12. Bf4 Ne5 13. b3 Nh5 14. Be3 Nd7 15. h3 Nc5 16. Rab1 Bd7 17. a3 Rfe8 18. b4 axb4 19. axb4 Ne6 20. Nxe6 Bxe6 21. c5 dxc5 22. bxc5 Ra3 23. Na4 Nxg3 24. Rd3 Ra2 25. Qd1 Ra8 26. Nb6 Ne2+ 27. Kf1 Nc3 28. Rxc3 Bxc3 29. Nxa8 Rxa8 30. Kg1 Rd8 31. Qc2 Bg7 32. Qa4 h6 33. Qa7 Rd7 34. Qb8+ Kh7 35. Qf4 Qf6 36. Qxf6 Bxf6 37. Bf1 Kg7 38. Kg2 Bg5 39. f4 Bf6 40. Kf3 Be7 41. Kg3 h5 42. Kf3 f5 43. e5 Bd5+ 44. Kg3 h4+ 45. Kf2 Be4 46. Rb2 Bd5 47. Be2 Kf7 48. Rd2 Ke6 49. Rb2 g5 50. fxg5 Kxe5 51. Rb4 Be4 52. Bf3 Bd8 53. Bxe4 fxe4 54. Rb2 Kf5 55. Rb4 Bxg5 56. Bxg5 Kxg5 57. Rxe4 Rd5 58. Rb4 Rxc5 59. Rxb7 Rc4 60. Rc7 Rc3 61. Kg2 c5 62. Rc6 c4 63. Rc8 Kf4 64. Rf8+ Ke5 65. Re8+ Kd4 66. Rh8 Re3 67. Rxh4+ Re4 68. Rh8 c3 69. Rc8 Kd3 70. Kg3 Rc4 71. Rd8+ Ke2 72. Re8+ Kd2 73. Rd8+ Ke3 74. Re8+ Kd3 75. Rd8+ Rd4 76. Rc8 c2 77. Rxc2 Kxc2 78. h4 Kd3 79. h5 Kc4 80. h6 Rd6 81. h7 Rh6 0-1


[Site "https://www.chess.com"]

[Event "Titled Tuesday Blitz June 20 Early 2023"]
[White "Gritsenko, Nikolai"]
[Black "Aloma Vidal, Robert"]
[WhiteFideId "14112493"]
[BlackFideId "2260409"]
[WhiteElo "2389"]
[BlackElo "2435"]
[Result "1-0"]
[Round "8"]
[TimeControl "180+2"]
[Date "2023.06.20"]
[WhiteClock "0:00:14"]
[BlackClock "0:00:04"]
[Board "70"]

1. d4 d5 2. Bg5 f6 3. Bh4 Nh6 4. e3 Nf5 5. Bd3 g6 6. Bg3 Bg7 7. Ne2 c5 8. c4 cxd4 9. exd4 Be6 10. cxd5 Bxd5 11. O-O Nxg3 12. hxg3 O-O 13. Nbc3 Bf7 14. Be4 Nc6 15. d5 Ne5 16. Nf4 f5 17. Bf3 Qb6 18. Qe2 Rac8 19. Rfd1 Rfd8 20. Ne6 Bxe6 21. dxe6 Nxf3+ 22. gxf3 Bxc3 23. bxc3 Qc6 24. Qe3 Rd6 25. Rxd6 Qxd6 26. Qxa7 Qxe6 27. Qxb7 Rxc3 28. a4 f4 29. Qb8+ Rc8 30. Qxf4 Rf8 31. Qe4 Qf6 32. Ra3 Qb2 33. Re3 Rf7 34. Kg2 Qa2 35. Rc3 Qa1 36. Qd4 Rf8 37. Qc4+ Kg7 38. Re3 Rf7 39. Qb5 h5 40. Qe5+ Qxe5 41. Rxe5 Kf6 42. Re1 e5 43. a5 Ra7 44. Ra1 Ra6 45. Kf1 Kf5 46. Ke2 e4 47. fxe4+ Kxe4 48. Ra4+ Ke5 49. f4+ Kf5 50. Kf3 g5 51. fxg5 Kxg5 52. Kg2 Kf5 53. Kh3 Kg5 54. Ra3 Kf5 55. Kh4 Kg6 56. Ra4 Kh6 57. Ra1 Kg6 58. Kh3 Kg5 59. Ra4 Kf5 60. Kg2 Kg5 61. Kf2 Kf5 62. Ke2 Ke6 63. Kd3 Kd6 64. Kc4 Kc6 65. Kb4 Ra8 66. a6 Kb6 67. a7 Rxa7 68. Rxa7 Kxa7 69. Kc5 Kb7 70. Kd6 Kb6 71. Ke6 Kc6 72. Kf5 Kd5 73. Kg5 Ke6 74. Kxh5 Kf7 75. Kg5 Kg7 76. g4 Kf7 77. Kh6 Kf8 78. Kh7 Kf7 79. g5 Ke6 80. g6 Kf5 81. g7 Kg5 82. g8=Q+ Kh5 83. Qg1 1-0


[Site "https://www.chess.com"]

[Event "Titled Tuesday Blitz June 20 Early 2023"]
[White "Munkhgal, Gombosuren"]
[Black "Mamedov, Edgar"]
[WhiteFideId "4901266"]
[BlackFideId "13739980"]
[WhiteElo "2528"]
[BlackElo "2317"]
[Result "1-0"]
[Round "8"]
[TimeControl "180+2"]
[Date "2023.06.20"]
[WhiteClock "0:00:33"]
[BlackClock "0:00:00"]
[Board "71"]

1. d4 d5 2. Bf4 Nf6 3. e3 e6 4. Nf3 Bd6 5. Ne5 O-O 6. Nd2 b6 7. h4 c5 8. c3 Ba6 9. Bxa6 Nxa6 10. h5 h6 11. Qf3 cxd4 12. exd4 Qc7 13. Qe2 Nb8 14. g4 Nbd7 15. f3 Ne8 16. Nxd7 Qxd7 17. Bxd6 Nxd6 18. Qe3 Rae8 19. O-O-O b5 20. Rdg1 f6 21. Nb3 e5 22. Nc5 Qe7 23. Re1 a5 24. Re2 Qc7 25. Rhe1 Nc4 26. Qd3 b4 27. b3 Nb6 28. cxb4 axb4 29. Qb5 Rb8 30. Rc2 Nc4 31. Qa6 Rb6 32. Qa4 Na3 33. Ree2 Nxc2 34. Rxc2 Qc6 35. Nd7 Qxa4 36. bxa4 Ra6 37. Nxf8 Kxf8 38. dxe5 fxe5 39. Rc5 Rxa4 40. Kb2 Ra3 41. Rxd5 Rxf3 42. Rxe5 Rf2+ 43. Kb3 Rg2 44. Re4 Kf7 45. Rxb4 Kf6 46. a4 Rg3+ 47. Ka2 Rg2+ 48. Ka3 Rg3+ 49. Kb2 Rg2+ 50. Kb1 Rg1+ 51. Kc2 Rg2+ 52. Kd3 Rg3+ 53. Kc2 Rg2+ 54. Kb3 Rg3+ 55. Ka2 Rg2+ 56. Ka3 Rg3+ 57. Rb3 Rxg4 58. Rb5 Rh4 59. a5 Rh1 60. Kb4 Rh4+ 61. Ka3 Rh3+ 62. Ka4 Rh4+ 63. Rb4 Rxh5 64. a6 Rh1 65. Kb5 1-0


[Site "https://www.chess.com"]

[Event "Titled Tuesday Blitz June 20 Early 2023"]
[White "Koshulyan, Egor A."]
[Black "Berezin, Viktor"]
[WhiteFideId "24237000"]
[BlackFideId "14107872"]
[WhiteElo "2216"]
[BlackElo "2310"]
[Result "1-0"]
[Round "8"]
[TimeControl "180+2"]
[Date "2023.06.20"]
[WhiteClock "0:00:18"]
[BlackClock "0:00:04"]
[Board "72"]

1. e4 g6 2. d4 Bg7 3. h4 h5 4. Nf3 d6 5. Ng5 c6 6. a4 Nf6 7. Nc3 O-O 8. Bc4 d5 9. exd5 cxd5 10. Bd3 Nc6 11. Ne2 e5 12. dxe5 Nxe5 13. O-O Nxd3 14. Qxd3 Bf5 15. Qd1 Bg4 16. c3 Re8 17. f3 Bd7 18. Nd4 Qc7 19. Qd2 Nh7 20. Qf4 Qxf4 21. Bxf4 Nxg5 22. hxg5 Bxd4+ 23. cxd4 Re2 24. b4 Rc8 25. Rac1 Rcc2 26. Rxc2 Rxc2 27. Re1 Be6 28. Be5 Kf8 29. b5 Ke8 30. Rb1 Kd7 31. Bb8 Ra2 32. Bxa7 Rxa4 33. Bc5 Bf5 34. Rc1 Rc4 35. Ra1 Bd3 36. Ra7 Kc7 37. Ra8 Rc1+ 38. Kh2 Rc2 39. Rf8 b6 40. Rxf7+ Kc8 41. Bxb6 Bf5 42. Bc5 h4 43. Kg1 h3 44. gxh3 Bxh3 45. b6 Bf5 46. b7+ Kb8 47. Bd6+ 1-0


[Site "https://www.chess.com"]

[Event "Titled Tuesday Blitz June 20 Early 2023"]
[White "Turzo, Attila"]
[Black "Florescu, Codrut-Constantin"]
[WhiteFideId "704954"]
[BlackFideId "1202200"]
[WhiteElo "2521"]
[BlackElo "2191"]
[Result "1-0"]
[Round "8"]
[TimeControl "180+2"]
[Date "2023.06.20"]
[WhiteClock "0:01:11"]
[BlackClock "0:00:03"]
[Board "73"]

1. d4 Nf6 2. c4 e6 3. g3 d5 4. Bg2 Be7 5. Nf3 O-O 6. O-O c6 7. Qc2 Nbd7 8. Nbd2 b6 9. e4 Bb7 10. Rd1 Rc8 11. e5 Ne8 12. cxd5 exd5 13. Nf1 Nc7 14. h4 Ne6 15. Ne3 c5 16. Nf5 cxd4 17. Qe2 Ndc5 18. N3xd4 Nxd4 19. Nxd4 Ne6 20. Be3 Bc5 21. Nf5 g6 22. Nh6+ Kg7 23. Bxc5 bxc5 24. Ng4 Bc6 25. Qd2 g5 26. Nf6 d4 27. hxg5 Bxg2 28. Kxg2 h6 29. gxh6+ Kh8 30. Qd3 1-0


[Site "https://www.chess.com"]

[Event "Titled Tuesday Blitz June 20 Early 2023"]
[White "Tokhirjonova, Gulrukhbegim"]
[Black "Arabidze, Meri"]
[WhiteFideId "14203626"]
[BlackFideId "13604040"]
[WhiteElo "2265"]
[BlackElo "2405"]
[Result "0-1"]
[Round "8"]
[TimeControl "180+2"]
[Date "2023.06.20"]
[WhiteClock "0:00:02"]
[BlackClock "0:00:08"]
[Board "74"]

1. e4 c5 2. Nc3 e6 3. Nf3 Nc6 4. Bc4 a6 5. a4 Qc7 6. O-O d6 7. d4 cxd4 8. Nxd4 Nf6 9. Bg5 Be7 10. Kh1 O-O 11. f4 h6 12. Bh4 Nxe4 13. Bxe7 Nxc3 14. Bxd6 Nxd1 15. Bxc7 Nxb2 16. Nxc6 Nxc4 17. Ne5 Ne3 18. Rf2 Nd5 19. Bd6 Rd8 20. Bc5 b6 21. Bd4 f6 22. Nc4 Rb8 23. Re1 Bd7 24. a5 bxa5 25. Nxa5 Nxf4 26. Ba7 Ng6 27. Bxb8 Rxb8 28. Rd2 Ne5 29. h3 Bb5 30. Rd6 Rc8 31. Rc1 Kf7 32. Rb6 Rc3 33. Rb7+ Kg6 34. Nb3 Bc6 35. Rb6 Rxh3+ 36. Kg1 Rg3 37. Kf1 Bb5+ 38. c4 Bxc4+ 39. Rxc4 Nxc4 40. Rb8 Rxb3 0-1


[Site "https://www.chess.com"]

[Event "Titled Tuesday Blitz June 20 Early 2023"]
[White "Mazarini41"]
[Black "Ashraf, Artin"]
[BlackFideId "22514805"]
[WhiteElo "2520"]
[BlackElo "2224"]
[Result "0-1"]
[Round "8"]
[TimeControl "180+2"]
[Date "2023.06.20"]
[WhiteClock "0:00:21"]
[BlackClock "0:00:27"]
[Board "75"]

1. g4 d5 2. Bg2 c6 3. c4 dxc4 4. h3 e5 5. Na3 Be6 6. Qc2 Bxa3 7. bxa3 Nd7 8. Rb1 Qc7 9. Nf3 h6 10. Bb2 Ne7 11. g5 Bf5 12. e4 Be6 13. Qc3 Ng6 14. Bf1 b5 15. a4 a6 16. h4 hxg5 17. Nxg5 Nf4 18. Nxe6 Nxe6 19. Bh3 Rxh4 20. Qg3 g5 21. O-O Nf4 22. Bxd7+ Qxd7 0-1


[Site "https://www.chess.com"]

[Event "Titled Tuesday Blitz June 20 Early 2023"]
[White "Ning, Kaiyu"]
[Black "Shuvalov, Evgenij"]
[WhiteFideId "8614750"]
[BlackFideId "4187237"]
[WhiteElo "2287"]
[BlackElo "2080"]
[Result "1-0"]
[Round "8"]
[TimeControl "180+2"]
[Date "2023.06.20"]
[WhiteClock "0:00:18"]
[BlackClock "0:00:13"]
[Board "76"]

1. e4 e6 2. d4 d5 3. e5 c5 4. c3 Nc6 5. Nf3 Qb6 6. a3 Bd7 7. b4 cxd4 8. cxd4 Rc8 9. Bb2 Nge7 10. Bd3 Na5 11. Nc3 Nc4 12. Bxc4 Rxc4 13. O-O Nf5 14. Ne2 a5 15. g4 Nh6 16. h3 axb4 17. axb4 Bxb4 18. Ra8+ Rc8 19. Rxc8+ Bxc8 20. Qa4+ Bd7 21. Qa8+ Qd8 22. Qxb7 Be7 23. Bc1 O-O 24. Bxh6 gxh6 25. Nf4 f5 26. exf6 Bxf6 27. Nd3 Be8 28. Nfe5 Bg6 29. Nc5 Re8 30. Ra1 Bxe5 31. dxe5 Qe7 32. Nd7 Kg7 33. Qc6 Qh4 34. Nf6 Re7 35. Qc8 Bf7 36. Qd8 Qg5 37. Qxe7 Qxe5 38. Ne8+ Kg6 39. Rf1 h5 40. Nd6 Qf4 41. Qxf7+ Qxf7 42. Nxf7 Kxf7 43. gxh5 Kf6 44. Rd1 Ke5 45. Kf1 Ke4 46. Ke2 d4 47. Rd3 e5 48. Rf3 Kd5 49. Rf7 h6 50. Rf6 e4 51. Rxh6 d3+ 52. Ke3 1-0


[Site "https://www.chess.com"]